 Dungeon Crawl Stone Soup version 0.27.1 (console) character file.

Game seed: 13504827957316317957

46 om the Magician (level 3, -6/37 HPs)
             Began as a Djinni Fire Elementalist on Sept 1, 2021.
             Mangled by a phantom (7 damage)
             ... on level 2 of the Dungeon.
             The game lasted 00:07:19 (2411 turns).

om the Magician (Djinni Fire Elementalist)          Turns: 2411, Time: 00:07:20

Health: -6/37      AC: 25    Str:  8    XL:     3   Next: 95%
Gold:   74         EV:  2    Int: 16    God:
                   SH:  0    Dex: 13

rFire    . . .     SeeInvis .   h - +0 dagger
rCold    . . .     Faith    .   (no shield)
rNeg     + + +     Spirit   .   (armour currently unavailable)
rPois    ∞         Reflect  .   (helmet currently unavailable)
rElec    .         Harm     .   (cloak currently unavailable)
rCorr    .         Rampage  .   (gloves currently unavailable)
Will     .....     NoTele   +   (boots unavailable)
Stlth    ++........             (no amulet)
HPRegen  0.12/turn              d - +4 ring of protection
MPRegen  0.00/turn              (no ring)

@: tree-form
A: stationary, stasis, torment immunity, boosted hp, sickness immunity, (fire
resistance 2), (cold vulnerability 1), float, innate caster, hp casting, extra
vitality 1
a: no special abilities


You were on level 2 of the Dungeon.
You were a tree.
You visited 1 branch of the dungeon, and saw 3 of its levels.

You collected 74 gold pieces.

Inventory:

Hand Weapons
 h - a +0 dagger (weapon)
Armour
 a - a +0 robe (melded)
Jewellery
 d - a +4 ring of protection (left branch)
Scrolls
 c - a scroll of amnesia {unknown}
 f - a scroll of fog {unknown}
 i - a scroll of vulnerability {unknown}
 j - a scroll of enchant armour {unknown}
 k - a scroll of noise {unknown}
Potions
 e - a potion of cancellation {unknown}
 g - a potion of curing {unknown}


   Skills:
 * Level 1.0 Short Blades
 * Level 2.8 Dodging
 + Level 2.0 Stealth
 + Level 2.9 Spellcasting


You couldn't memorise any spells.
You knew the following spells:

 Your Spells              Type           Power      Damage    Failure   Level
a - Foxfire               Conj/Fire      44%        2x1d6     5%          1
b - Conjure Flame         Conj/Fire      11%        6-21      17%         3
c - Inner Flame           Hex/Fire       11%        N/A       17%         3
d - Sticky Flame          Conj/Fire      11%        2d3       50%         4
e - Fireball              Conj/Fire      5%         3d5       83%         5
f - Pain                  Necr           44%        1d6       5%          1
Your spell library was empty.

Dungeon Overview and Level Annotations

Branches:
Dungeon (3/15)

Altars:
Cheibriados


Innate Abilities, Weirdness & Mutations

You are a tree.
Your roots penetrate the ground, keeping you stationary.
You cannot be teleported.
You are immune to unholy pain and torment.
Your maximum health is greatly increased.
Your equipment is partially melded.
You are immune to sickness and miasma.
You are immune to poison.
((Your flesh is very heat resistant. (rF++)))
((You are vulnerable to cold. (rC-)))
You float through the air rather than walking.
You learn spells naturally, not from books.
Your magical power is your life essence.
You have superior vitality. (+4 HP)


Message History

You closely miss the phantom.
The phantom is lightly damaged.
The phantom hits you.
The phantom blinks!
You blink.
You hit the phantom but do no damage.
The phantom is lightly damaged.
The phantom hits you but does no damage.
You barely miss the phantom.
The phantom is lightly damaged.
The phantom hits you!
* * * LOW HITPOINT WARNING * * *
The phantom blinks!
You blink.
The phantom barely misses you. The phantom misses you.
There is an open door here.
Casting: Foxfire (safe; 5% risk of failure)
Confirm with . or Enter, or press ? or * to list all spells.
Okay, then.
It was a potion of lignification.
You turn into a tree.
Your +0 robe melds into your body.
Your roots penetrate the ground.
The phantom hits you but does no damage.
You hit the phantom but do no damage.
The phantom hits you but does no damage.
You barely miss the phantom. The phantom barely misses you.
You hit the phantom.
The phantom is lightly damaged.
The phantom completely misses you.
You hit the phantom but do no damage.
The phantom is lightly damaged.
The phantom hits you but does no damage.
You hit the phantom.
The phantom is lightly damaged.
The phantom hits you but does no damage.
You miss the phantom.
The phantom is lightly damaged.
The phantom hits you.
* * * LOW HITPOINT WARNING * * *
You closely miss the phantom.
The phantom is lightly damaged.
The phantom hits you!
You die...

######
##########....##########
................♣W....>#
.#########.##.######.#.#
.###### #.##.####
#.#'###### ......#
#.##....# #........#
.####.# #.#####.#
#........# ....#.# #.#
#.# #........# #.###.#
#.# #.###........#####
..# #.# #.#
#.....#'#......... ..#
#.####.#
#######.#.........
#####....#.#
#.#.(.......
...##....#.#
#.#.........


You could see a phantom.

Vanquished Creatures
  2 adders (D:2)
  2 dart slugs
  3 endoplasms
  A giant cockroach (D:2)
  4 goblins
  2 ball pythons (D:1)
  2 bats
  4 frilled lizards
  4 kobolds
  A spectral kobold (D:1)
25 creatures vanquished.

Vanquished Creatures (others)
  75 foxfires
75 creatures vanquished.

Grand Total: 100 creatures vanquished

Notes
Turn   | Place    | Note
-------+----------+-------------------------------------------
     0 | D:1      | om the Djinni Fire Elementalist began the quest for the
                  | Orb.
     0 | D:1      | Reached XP level 1. HP: 15/15 MP: 0/0
   925 | D:1      | Reached XP level 2. HP: 17/21 MP: 0/0
  1126 | D:1      | Found a faded altar of an unknown god.
  1691 | D:2      | Found a snail-covered altar of Cheibriados.
  1711 | D:2      | Reached XP level 3. HP: 25/25 MP: 0/0
  1711 | D:2      | Learned a level 1 spell: Pain
  2270 | D:3      | Reached skill level 1 in Short Blades
  2344 | D:3      | Noticed a phantom
  2410 | D:2      | HP: 1/37 [phantom (6)]
  2411 | D:2      | Mangled by a phantom

Illustrated notes

Levels and vault maps discovered:
D:1:      dpeg_arrival_castle, layout_basic,
          dreamdust_ecumenical_altar_drowned_temple, minmay_misc_feat_pillars
D:2:      layout_basic, basic_altar
D:3:      layout_loops_ring, okawaru_trees_2, nemelex_xobeh_ov_fountains_minmay,
          grunt_ministairs_8, mrwooster_statue_mirror, minmay_statues_item,
          chequers_serial_rivers_micro_b

Skill      XL: |  1  2  3 |
---------------+----------+-----
Stealth        | 2 |  2.0
Short Blades   | 1 |  1.0
Dodging        | |  2.8
Spellcasting   | |  2.9

Action                   || total
-------------------------++-------
Melee: Dagger            ||    17
 Cast: Foxfire           ||    49
  Use: Potion            ||     1
Armor: Robe              ||     4
       Skin              ||     4
Dodge: Dodged            ||     9
